 Dungeon Crawl Stone Soup version 0.23.2-1-ga50397a (webtiles) character file.

Game seed: 2204908135598253203

28 xveg the Charmwright (level 3, 0/28 HPs)
             Began as a Merfolk Skald on May 9, 2019.
             Slain by Natasha (6 damage)
             ... on level 2 of the Dungeon.
             The game lasted 00:01:53 (985 turns).

xveg the Charmwright (Merfolk Skald)                 Turns: 985, Time: 00:01:54

Health: 0/28       AC:  3    Str: 12    XL:     3   Next: 12%
Magic:  3/6        EV: 12    Int: 12    God:
Gold:   57         SH:  0    Dex: 13    Spells: 5/6 levels left

rFire    . . .     SeeInvis .   a - +0 spear
rCold    . . .     Gourm    .   (no shield)
rNeg     . . .     Faith    .   b - +0 leather armour
rPois    .         Spirit   .   (no helmet)
rElec    .         Reflect  .   (no cloak)
rCorr    .         Harm     .   (no gloves)
MR       .....                  (no boots)
Stlth    +.........             (no amulet)
HPRegen  0.09/turn              (no ring)
MPRegen  0.10/turn              (no ring)

@: infused
A: change form in water, swift swim, stealthy swim
a: no special abilities


You were on level 2 of the Dungeon.
You were not hungry.

You visited 1 branch of the dungeon, and saw 2 of its levels.

You collected 57 gold pieces.

Inventory:

Hand Weapons
 a - a +0 spear (weapon)
Armour
 b - a +0 leather armour (worn)
Jewellery
 g - a +3 ring of dexterity {unknown}
Scrolls
 c - a scroll of blinking {unknown}
 f - 2 scrolls of teleportation {unknown}
 h - a scroll of identify {unknown}
 i - a scroll of enchant armour {unknown}
 j - 3 scrolls of remove curse {unknown}
Potions
 e - 2 potions of curing {unknown}
Comestibles
 d - a ration


   Skills:
 + Level 2.5 Fighting
 + Level 3.5 Polearms
 + Level 1.1 Armour
 + Level 2.9 Dodging
 + Level 0.3 Stealth
 + Level 2.1 Spellcasting
 + Level 3.5 Charms


You had 5 spell levels left.
You knew the following spells:

 Your Spells              Type           Power        Failure   Level  Hunger
a - Infusion              Chrm           #...         8%          1    ##.....

Your spell library contained the following spells:

 Spells                   Type           Power        Failure   Level  Hunger
 Song of Slaying          Chrm           #.......     12%         2    ###....
 Shroud of Golubria       Chrm/Tloc      #.........   26%         2    ###....
 Regeneration             Chrm/Necr      #.........   45%         3    ####...
 Spectral Weapon          Hex/Chrm       #.......     45%         3    ####...


Dungeon Overview and Level Annotations

Branches:
Dungeon (2/15)

Altars:

Annotations:
D:2 Natasha


Message History

A hobgoblin comes into view.
Found 7 gold pieces and a spear.
Unknown command.
Casting: Infusion (safe; 8% risk of failure)
Confirm with . or Enter, or press ? or * to list all spells.
You begin infusing your attacks with magical energy.
Casting: Infusion (safe; 8% risk of failure)
Confirm with . or Enter, or press ? or * to list all spells.
You extend your infusion's duration.
Natasha closely misses you.
You hit Natasha.
Natasha is lightly wounded.
Natasha claws you.
* * * LOW HITPOINT WARNING * * *
You barely miss Natasha.
Natasha is lightly wounded.
Natasha barely misses you.
You barely miss Natasha.
Natasha is lightly wounded.
Natasha claws you.
You die...

#.# #..# #.# #..# h#.# #.# #..#
.#g # ### #.# #..# ... ..
..##.# ####..##### .. )# #
###.#.#####.........##. .#
#.#......(.)(.).....#...#.#
#.#.#.#.#....†........###...#[#
#..>...##.#####.@h...........#
#####.###.# #.......###...#.#
#.....# #........# #......
#.#...............# .####l
##.########...###### # ##...#
##.## ###.###.# #.# †...# .#
#.# ###.###.# #.#


You could see Natasha.

Vanquished Creatures
  A dart slug (D:1)
  A leopard gecko (D:1)
  2 giant cockroaches
  5 hobgoblins
  3 kobolds (D:2)
  3 bats (D:1)
  A frilled lizard (D:1)
  4 goblins
  3 rats
23 creatures vanquished.

Notes
Turn   | Place    | Note
-------+----------+-------------------------------------------
     0 | D:1      | xveg the Merfolk Skald began the quest for the Orb.
     0 | D:1      | Reached XP level 1. HP: 16/16 MP: 3/3
    62 | D:1      | Reached skill level 1 in Armour
   126 | D:1      | Reached XP level 2. HP: 16/22 MP: 5/5
   928 | D:2      | Reached XP level 3. HP: 18/28 MP: 6/6
   970 | D:2      | Noticed Natasha
   985 | D:2      | Slain by Natasha

Skill      XL: |  1 |
---------------+----+-----
Armour         | 1 |  1.1
Fighting       | |  2.5
Polearms       | |  3.5
Dodging        | |  2.9
Stealth        | |  0.3
Spellcasting   | |  2.1
Charms         | |  3.5

Action                   || total
-------------------------++-------
Melee: Spear             ||   116
 Cast: Infusion          ||     2
 Stab: Sleeping          ||     2
Armor: Leather armour    ||    26
Dodge: Dodged            ||    50
